 Dungeon Sprint DCSS version 0.19-a0-627-g7ac35de (webtiles) character file.

616 Groucho the Blocker (level 7, -10/64 HPs)
             Began as a Formicid Fighter on June 13, 2016.
             Was the Champion of Makhleb.
             Mangled by an earth elemental (30 damage)
             ... summoned by a deep elf mage
             ... in the Dungeon (Sprint VII: "The Pits").
             The game lasted 00:02:57 (795 turns).

Groucho the Blocker (Formicid Fighter)               Turns: 795, Time: 00:02:58

Health: -10/64     AC: 16    Str: 28    XL:     7   Next: 73%
Magic:  7/7        EV:  7    Int:  7    God:    Makhleb [******]
Gold:   0          SH: 12    Dex: 10    Spells: 0 memorised, 6 levels left

rFire  . . .     SeeInvis +     l - +2 hand axe
rCold  . . .     Gourm    .     s - +2 plate armour
rNeg   . . .     Faith    .     c - +0 shield
rPois  .         Spirit   .     (helmet unavailable)
rElec  .         Dismiss  .     (no cloak)
rCorr  .         Reflect  .     (no gloves)
SustAt .         Harm     .     (no boots)
MR     .....                    (no amulet)
Stlth  ..........               (no ring)
                                (no ring)

@: mighty, invisible, not resistant to hostile enchantments, extremely
unstealthy
A: permanent stasis, dig shafts and tunnels, four strong arms, antennae 3
a: Dig, Minor Destruction, Lesser Servant of Makhleb, Major Destruction, Greater
Servant of Makhleb, Renounce Religion


You were in the Dungeon.
You worshipped Makhleb.
Makhleb was exalted by your worship.
You were not hungry.

You visited 1 branch

Inventory:

Hand Weapons
 l - a +2 hand axe (weapon)
Missiles
 r - 10 stones (quivered)
Armour
 b - a +0 scale mail
 c - a +0 shield (worn)
 s - a +2 plate armour (worn)
Scrolls
 k - a scroll of blinking
 o - 3 scrolls of remove curse
 p - 5 scrolls of amnesia
 q - a scroll of summoning
Potions
 e - 5 potions of curing
 g - 2 potions of heal wounds
 h - a potion of haste
 i - 4 potions of magic
 j - 3 potions of berserk rage
 n - a potion of invisibility
Comestibles
 a - 40 fruits
 f - 8 bread rations
 m - 7 meat rations


   Skills:
 * Level 9.1 Fighting
 * Level 8.2 Axes
 * Level 9.2 Armour
 * Level 10.0 Shields


You had 6 spell levels left.
You didn't know any spells.

Dungeon Overview and Level Annotations

Branches:
Dungeon (1/1)

Altars:
Ashenzari
Cheibriados
Dithmenos
Elyvilon
Fedhas
Gozag
Kikubaaqudgha
Makhleb
Nemelex Xobeh
Okawaru
Pakellas
Qazlal
Ru
Sif Muna
Trog
Vehumet
Xom
Yredelemnul
Zin
The Shining One
Beogh
Jiyva
Lugonu

Annotations:
D Sonja


Innate Abilities, Weirdness & Mutations

You are under a permanent stasis effect.
You can dig through walls and to a lower floor.
Your four strong arms can wield two-handed weapons with a shield.
You have a pair of large antennae on your head. (SInv)


Message History

The earth elemental is almost destroyed.
You slash the earth elemental!
The earth elemental is severely damaged.
You barely miss the earth elemental.
The earth elemental is moderately damaged.
The earth elemental barely misses you. The earth elemental hits you!
* * * LOW HITPOINT WARNING * * *
You block the earth elemental's attack.
You feel much better.
The deep elf mage gestures wildly while chanting.
The deep elf mage blinks!
You block the earth elemental's attack. The earth elemental hits you!!
* * * LOW HITPOINT WARNING * * *
You feel much better. You block the earth elemental's attack.
You fade into invisibility!
Sonja plants her feet in a plie.
Sonja shoots a curare-tipped needle.
The curare-tipped needle hits the earth elemental.
You block the earth elemental's attack. The earth elemental hits you!!
You die...

#.#........##.......#
#'###########.......#
{ #.†#.#.##..
######### {
#.......#.# #### {
##.#.#.##.#....#
#.......#)#....#
##.#.#.##Ke....+
#......E#E#....#
##.#.#.E@†# .K.#
########## ###


You could see 3 earth elementals, a deep elf mage and Sonja.

Vanquished Creatures
  A demonic crawler (D)
  A giant eyeball (D)
  3 wights (D)
  A hound (D)
  2 iron imps (D)
  An orc wizard (D)
  An adder (D)
  An ooze (D)
  An adder zombie (D)
  4 orcs (D)
  2 ball pythons (D)
  A bat skeleton (D)
  A giant cockroach (D)
  2 hobgoblins (D)
  A quokka (D)
  3 bats (D)
  A kobold (D)
27 creatures vanquished.

Notes
Turn   | Place    | Note
--------------------------------------------------------------
     0 | D        | Groucho the Formicid Fighter began the quest for the Orb.
     0 | D        | Reached XP level 1. HP: 18/18 MP: 1/1
    23 | D        | Reached skill level 4 in Shields
    65 | D        | Found a sacrificial altar of Ru.
    65 | D        | Found a basalt altar of Yredelemnul.
    65 | D        | Found a shadowy altar of Dithmenos.
    65 | D        | Found a deep blue altar of Sif Muna.
    65 | D        | Found a burning altar of Makhleb.
    65 | D        | Found a shimmering altar of Xom.
    65 | D        | Found an ancient bone altar of Kikubaaqudgha.
    65 | D        | Found a sparkling altar of Nemelex Xobeh.
    66 | D        | Found a glowing golden altar of the Shining One.
    66 | D        | Found a bloodstained altar of Trog.
    66 | D        | Found a shattered altar of Ashenzari.
    66 | D        | Found a white marble altar of Elyvilon.
    66 | D        | Found a snail-covered altar of Cheibriados.
    66 | D        | Found a blossoming altar of Fedhas.
    66 | D        | Found a radiant altar of Vehumet.
    66 | D        | Found a glowing silver altar of Zin.
    66 | D        | Found a corrupted altar of Lugonu.
    66 | D        | Found a viscous altar of Jiyva.
    66 | D        | Found a roughly hewn altar of Beogh.
    66 | D        | Found an iron altar of Okawaru.
    67 | D        | Found an oddly glowing altar of Pakellas.
    72 | D        | Found a stormy altar of Qazlal.
    72 | D        | Found an opulent altar of Gozag.
    82 | D        | Became a worshipper of Makhleb the Destroyer
    91 | D        | Noticed a giant eyeball
    96 | D        | Reached XP level 2. HP: 25/25 MP: 2/2
   100 | D        | Killed a giant eyeball
   100 | D        | Reached * piety under Makhleb
   100 | D        | Reached skill level 5 in Fighting
   100 | D        | Reached skill level 6 in Shields
   100 | D        | Reached XP level 3. HP: 34/34 MP: 3/3
   100 | D        | Reached XP level 4. HP: 40/40 MP: 4/4
   100 | D        | Reached XP level 5. HP: 46/46 MP: 5/5
   417 | D        | Reached ** piety under Makhleb
   430 | D        | Reached skill level 5 in Axes
   593 | D        | Reached *** piety under Makhleb
   672 | D        | Reached skill level 7 in Shields
   674 | D        | Reached **** piety under Makhleb
   692 | D        | Reached ***** piety under Makhleb
   701 | D        | Reached XP level 6. HP: 51/55 MP: 6/6
   736 | D        | Noticed a demonic crawler
   754 | D        | Killed a demonic crawler
   754 | D        | Reached skill level 9 in Shields
   754 | D        | Reached XP level 7. HP: 51/63 MP: 7/7
   762 | D        | Reached ****** piety under Makhleb
   775 | D        | Noticed a deep elf mage
   775 | D        | Noticed Sonja
   785 | D        | Reached skill level 10 in Shields
   792 | D        | HP: 3/64 [earth elemental[a deep elf mage] (8)]
   795 | D        | Mangled by an earth elemental

Vault maps used:
D:        pitsprint

Skill      XL: |  1  2  3  4  5  6  7 |
---------------+----------------------+-----
Shields        | 4 6 7 9 10 | 10.0
Armour         | 4 6 7 8 9 |  9.2
Fighting       | 5 7 8 9 |  9.1
Axes           | 4 6 7 8 |  8.2

Action                   |  1- 3 |  4- 6 |  7- 9 || total
-------------------------+-------+-------+-------++-------
Melee: War axe           |     4 |       |       ||     4
       Hand axe          |     7 |    80 |    20 ||   107
  Use: Potion            |       |     2 |     5 ||     7
Armor: Scale mail        |     3 |     8 |       ||    11
       Plate armour      |       |    34 |     5 ||    39
Dodge: Dodged            |     1 |    26 |     6 ||    33
Block: Shield            |     2 |    49 |    11 ||    62
